 Dungeon Crawl Stone Soup version 0.22-a0-278-g8f80174 (webtiles) character file.

30 b5mith the Skirmisher (level 3, -1/33 HPs)
             Began as a Hill Orc Berserker on Mar 15, 2018.
             Was a Follower of Trog.
             Slain by a centaur (7 damage)
             ... on level 2 of the Dungeon.
             The game lasted 00:02:02 (731 turns).

b5mith the Skirmisher (Hill Orc Berserker)           Turns: 731, Time: 00:02:02

Health: -1/33      AC:  2    Str: 20    XL:     3   Next: 18%
Magic:  3/3        EV: 12    Int:  7    God:    Trog [*.....]
Gold:   69         SH:  0    Dex: 10    Spells: 2/2 levels left

rFire    . . .     SeeInvis .   a - +0 falchion
rCold    . . .     Gourm    .   (no shield)
rNeg     . . .     Faith    .   b - +0 animal skin
rPois    .         Spirit   .   (no helmet)
rElec    .         Reflect  .   (no cloak)
rCorr    .         Harm     .   (no gloves)
MR       .....                  (no boots)
Stlth    +.........             (no amulet)
HPRegen  0.11/turn              (no ring)
MPRegen  0.08/turn              (no ring)

@: flying
A: no striking features
a: Berserk, Renounce Religion


You were on level 2 of the Dungeon.
You worshipped Trog.
Trog was aware of your devotion.
You were not hungry.

You visited 1 branch of the dungeon, and saw 2 of its levels.

You collected 69 gold pieces.

Inventory:

Hand Weapons
 a - a +0 falchion (weapon)
Armour
 b - a +0 animal skin (worn)
Scrolls
 g - a scroll of fear {unknown}
 j - a scroll of remove curse {unknown}
 k - a scroll of teleportation {unknown}
Potions
 d - a potion of brilliance {unknown}
 e - a potion of haste {unknown}
 h - a potion of lignification {unknown}
 i - a potion of flight
Comestibles
 c - 2 rations
 f - 5 chunks of flesh


   Skills:
 + Level 4.0 Fighting
 + Level 3.6 Long Blades
 + Level 2.6 Armour
 + Level 2.0 Dodging


You had 2 spell levels left.
You didn't know any spells.

Dungeon Overview and Level Annotations

Branches:
Dungeon (2/15)

Altars:
The Shining One


Message History

* * * LOW HITPOINT WARNING * * *
You hear an angry hiss.
You see here an arrow.
You are too injured to fight recklessly!
You are too injured to fight recklessly!
You are too injured to fight recklessly!
You are too injured to fight recklessly!
Unknown command.
You are too injured to fight recklessly!
An adder comes into view.
The centaur shoots an arrow.
The arrow hits you!
* * * LOW HITPOINT WARNING * * *
It was a potion of flight.
You feel very buoyant.
You fly up into the air.
You hit the centaur.
The centaur is lightly wounded.
The centaur unwields an uncursed shortbow.
The centaur hits you!
You die...

#..#.############
#.#..#.#######.
#.#..#>........
#.#..#...##....
#.#..#(#.# #
#####........#
#.?.....(..#....#
#......(...#.####
#.....@....#.#
#....c.....#.#
#..........#
#..........# #
#...S......# ..
#..........# ..
#..........# ..
#..........# ..
..


You could see a centaur and an adder.

Vanquished Creatures
  2 oozes (D:1)
  A dart slug (D:1)
  2 giant cockroaches (D:1)
  2 goblins (D:1)
  5 hobgoblins
  2 kobolds (D:1)
  3 bats
  A rat (D:1)
18 creatures vanquished.

Notes
Turn   | Place    | Note
-------+----------+-------------------------------------------
     0 | D:1      | b5mith the Hill Orc Berserker began the quest for the Orb.
     0 | D:1      | Reached XP level 1. HP: 19/19 MP: 1/1
   173 | D:1      | Reached XP level 2. HP: 20/27 MP: 2/2
   504 | D:1      | Reached skill level 4 in Fighting
   516 | D:1      | Reached XP level 3. HP: 28/33 MP: 3/3
   658 | D:2      | Found a glowing golden altar of the Shining One.
   726 | D:2      | Noticed a centaur
   731 | D:2      | Slain by a centaur

Vault maps used:
D:1:      wheals_arrival_linesprint, minmay_misc_feat_more_columns,
          minmay_fountain_box
D:2:      nicolae_tso_swordbearing_angel, uniq_sigmund

Skill      XL: |  1  2  3 |
---------------+----------+-----
Fighting       | 4 |  4.0
Dodging        | 2 |  2.0
Long Blades    | |  3.6
Armour         | |  2.6

Action                   || total
-------------------------++-------
Melee: Falchion          ||    77
  Use: Potion            ||     1
Armor: Animal skin       ||    26
Dodge: Dodged            ||    63
       Rpst.: Falchion   ||    21

Table legend:
 A = Spawn XP
 B = Non-spawn XP
 C = Spawn XP percentage of total XP
 D = Spawn monster count
 E = Non-spawn monster count
 F = Spawn count percentage of total count
 G = Total turns spent on level
                    A         B        C        D         E        F      G
               +---------+---------+-------+---------+---------+-------+---------
         Total |       0 |      43 |   0.0 |       0 |      18 |   0.0 |   731
               +---------+---------+-------+---------+---------+-------+---------
           D:1 |       0 |      40 |   0.0 |       0 |      16 |   0.0 |   608
           D:2 |       0 |       3 |   0.0 |       0 |       2 |   0.0 |   123
               +---------+---------+-------+---------+---------+-------+---------
